 Dungeon Crawl Stone Soup version 0.31.0-12-g77e489cdc1 (webtiles) character file.

Game seed: 16408450866282128117

37 Silvore the Covered (level 3, -7/29 HPs)
             Began as a Demonspawn Fighter on Feb 14, 2024.
             Mangled by Sigmund
             ... wielding a +0 scythe
              (10 damage)
             ... on level 2 of the Dungeon.
             The game lasted 00:01:57 (1012 turns).

Silvore the Covered (Demonspawn Fighter)            Turns: 1012, Time: 00:01:57

Health: -7/29      AC:  8    Str: 18    XL:     3   Next: 21%
Magic:  3/3        EV:  9    Int:  8    God:
Gold:   58         SH:  4    Dex: 12    Spells: 2/2 levels left

rFire   . . .        a - +1 long sword
rCold   . . .        c - +0 buckler
rNeg    . . .        b - +0 scale mail
rPois   .            (no helmet)
rElec   .            e - scarf {repulsion}
rCorr   .            (no gloves)
SInv    .            (no boots)
Will    .....        (no amulet) Stlth
                     (no ring)
HPRegen 0.24/turn    (no ring)
MPRegen 0.08/turn

%: repel missiles
@: mighty
A: yellow scales 1
a: no special abilities


You were on level 2 of the Dungeon.
You visited 1 branch of the dungeon, and saw 2 of its levels.

You collected 58 gold pieces.

Inventory:

Hand Weapons
 a - a +1 long sword (weapon)
Armour
 b - a +0 scale mail (worn)
 c - a +0 buckler (worn)
 e - a scarf of repulsion (worn)
Jewellery
 l - a ring of wizardry
Scrolls
 f - a scroll of silence
 h - a scroll of vulnerability
Potions
 i - a potion of ambrosia {unknown}
 j - a potion of haste {unknown}


   Skills:
 + Level 3.2 Fighting
 + Level 2.0 Long Blades
 + Level 3.4 Armour
 + Level 0.2 Dodging
 + Level 2.9 Shields


You had 2 spell levels left.
You didn't know any spells.
Your spell library contained the following spells:

 Spells                   Type           Power      Damage    Failure   Level
 Blink                    Tloc           0%         N/A       95%         2
 Lesser Beckoning         Tloc           0%         N/A       95%         2
 Momentum Strike          Conj/Tloc      0%         3d8       95%         2


Dungeon Overview and Level Annotations

Branches:
Dungeon (2/15)

Altars:

Shops:
D:1 =

Annotations:
D:2 Sigmund


Innate Abilities, Weirdness & Mutations

You are partially covered in yellow scales. (AC +2)


Message History

Your experience leads to an increase in your attributes!
Increase (S)trength, (I)ntelligence, or (D)exterity?
You feel stronger. x2
You hit the endoplasm.
The endoplasm is almost dead.
The endoplasm freezes you.
You are frozen.
You hit the endoplasm.
You kill the endoplasm!
There is a stone staircase leading down here.
You start resting.
HP restored.
There is a stone staircase leading down here.
You climb downwards.
Level annotation: Sigmund
There is a stone staircase leading up here.
Sigmund points at you and mumbles some strange words.
You block the puff of flame.
Found a white potion.
Sigmund casts a spell.
Sigmund flickers and vanishes!
Deactivating autopickup; reactivate with Ctrl-A.
You slash something! Something hits you!
You hit something. Something hits you.
You hit something. Something hits you.
You closely miss something. You completely miss something. Something hits you.
You feel very mighty all of a sudden. Something hits you.
* * * LOW HITPOINT WARNING * * *
You block something's attack.
You barely miss something. Something hits you but does no damage.
You barely miss something. Something hits you but does no damage.
You slash something!
You hear some strange, mumbled words.
A puff of flame appears from out of thin air!
The puff of flame hits you.
* * * LOW HITPOINT WARNING * * *
You slash something! Something hits you!
You die...

#. ..# #.##..#
.######.@...
.......... #
#.......####.####
#.......#.......#
#.......#.##<.#..
#.......{...?....
#....<..#@###.#..
#.......#!#
#.......#..
############


There were no monsters in sight!

Vanquished Creatures
  An adder (D:1)
  A dart slug (D:1)
  2 endoplasms (D:1)
  A giant cockroach (D:1)
  3 goblins (D:1)
  2 hobgoblins (D:1)
  A quokka (D:1)
  6 ball pythons (D:1)
  3 bats (D:1)
  2 frilled lizards (D:1)
  2 rats (D:1)
24 creatures vanquished.

Notes
Turn   | Place    | Note
-------+----------+-------------------------------------------
     0 | D:1      | Silvore the Demonspawn Fighter began the quest for the Orb.
     0 | D:1      | Reached XP level 1. HP: 18/18 MP: 1/1
   152 | D:1      | Gained mutation: You are partially covered in yellow
                  | scales. (AC +2) [demonic ancestry]
   152 | D:1      | Reached XP level 2. HP: 18/24 MP: 2/2
   462 | D:1      | Found Jiannemu's Jewellery Emporium.
   872 | D:2      | Noticed Sigmund
   915 | D:1      | Reached XP level 3. HP: 12/29 MP: 3/3
  1012 | D:2      | Mangled by Sigmund

Illustrated notes

Levels and vault maps discovered:
D:1:      amcnicky_arrival_wind_blow, layout_basic, serial_shops, shop,
          hangedman_abyss_or_decor_lesser_grid, hex_intersection,
          hangedman_decor_growths
D:2:      layout_loops_cross, uniq_sigmund, uniq_crazy_yiuf_cottage

Skill      XL: |  1  2 |
---------------+-------+-----
Armour         | 3 |  3.4
Long Blades    | 2 |  2.0
Fighting       | |  3.2
Dodging        | |  0.2
Shields        | |  2.9

Action                     || total
---------------------------++-------
  Melee: Long sword        ||    75
    Use: Scroll            ||     4
         Potion            ||     1
 Armour: Scale mail        ||    67
  Dodge: Dodged            ||    39
  Block: Buckler           ||    27
